 Dungeon Crawl Stone Soup version 0.30-a0-772-g5528072125 (webtiles) character file.

Game seed: 4419942820522310308

4 epen the Ducker (level 1, -1/17 HPs)
             Began as a Gnoll Wanderer on Feb 12, 2023.
             Was a Follower of Qazlal.
             Slain by a jackal (3 damage)
             ... on level 1 of the Dungeon.
             The game lasted 00:00:39 (147 turns).

epen the Ducker (Gnoll Wanderer)                     Turns: 147, Time: 00:00:40

Health: -1/17      AC:  3    Str:  9    XL:     1   Next: 70%
Magic:  6/6        EV: 14    Int: 13    God:    Qazlal [*.....]
Gold:   8          SH:  1    Dex: 11    Spells: 8/9 levels left

rFire   . . .      SeeInvis .    a - +0 falchion
rCold   . . .      Faith    .    (no shield)
rNeg    . . .      Spirit   .    d - +0 robe
rPois   .          Reflect  .    (no helmet)
rElec   .          Harm     .    (no cloak)
rCorr   .          Rampage  .    (no gloves)
Will    .....                    b - +0 pair of boots
Stlth   +                        (no amulet)
HPRegen 0.22/turn                (no ring)
MPRegen 0.10/turn                (no ring)

@: attractive
A: fangs 1, strong nose, distributed training
a: Renounce Religion


You were on level 1 of the Dungeon.
You worshipped Qazlal.
Qazlal was aware of your devotion.
You visited 1 branch of the dungeon, and saw 1 of its levels.

You collected 8 gold pieces.

Inventory:

Hand Weapons
 a - a +0 falchion (weapon)
Armour
 b - a +0 pair of boots (worn)
 d - a +0 robe (worn)
Scrolls
 e - a scroll of teleportation {unknown}
Potions
 c - a potion of attraction


   Skills:
 + Level 2.4 Fighting
 + Level 0.1 Short Blades
 + Level 4.4 Long Blades
 + Level 0.1 Axes
 + Level 0.1 Maces & Flails
 + Level 0.1 Polearms
 + Level 0.1 Staves
 + Level 0.1 Ranged Weapons
 + Level 0.1 Throwing
 + Level 0.1 Armour
 + Level 6.4 Dodging
 + Level 0.1 Stealth
 + Level 0.1 Shields
 + Level 0.1 Unarmed Combat
 + Level 4.9 Spellcasting
 + Level 0.1 Conjurations
 + Level 0.1 Hexes
 + Level 0.1 Summonings
 + Level 0.1 Necromancy
 + Level 0.1 Translocations
 + Level 0.1 Transmutations
 + Level 0.1 Fire Magic
 + Level 0.1 Ice Magic
 + Level 0.1 Air Magic
 + Level 0.1 Earth Magic
 + Level 0.1 Poison Magic
 + Level 2.4 Invocations
 + Level 0.1 Evocations


You had 8 spell levels left.
You knew the following spells:

 Your Spells              Type           Power      Damage    Failure   Level
a - Freeze                Ice            12%        1d3       19%         1

Your spell library contained the following spells:

 Spells                   Type           Power      Damage    Failure   Level
 Lesser Beckoning         Tloc           6%         N/A       26%         2
 Ignite Poison            Fire/Tmut/Pois 3%         N/A       47%         3
 Inner Flame              Hex/Fire       3%         N/A       47%         3


Dungeon Overview and Level Annotations

Branches:
Dungeon (1/15)

Altars:
Qazlal


Innate Abilities, Weirdness & Mutations

You have very sharp teeth.
Your uncanny sense of smell can sniff out nearby items.
Your experience applies equally to all skills.


Message History

The endoplasm freezes you.
You are frozen.
The jackal bites you.
* * * LOW HITPOINT WARNING * * *
Really quaff the potion of attraction?
You feel attractive to monsters. The ball python misses you.
The ball python barely misses you. The jackal closely misses you.
The endoplasm completely misses you.
The ball python bites you but does no damage.
The ball python barely misses you. The rat is attracted toward you.
The endoplasm attacks as you move away! The endoplasm barely misses you.
The jackal closely misses you. The rat is attracted toward you.
The ball python attacks as you move away!
The ball python bites you but does no damage.
The ball python misses you. The jackal attacks as you move away!
The jackal bites you but does no damage.
A kobold comes into view. It is wielding a +0 whip.
The kobold shouts!
The kobold throws a stone.
The stone barely misses you. The jackal closely misses you.
The kobold is attracted toward you.
The ball python is attracted toward you.
The kobold throws a stone.
The stone completely misses you. The jackal misses you.
The kobold is attracted toward you. The kobold barely misses you.
The endoplasm is attracted toward you.
You closely miss the jackal.
The jackal bites you but does no damage.
The kobold closely misses you.
You barely miss the kobold. The jackal completely misses you.
You block the kobold's attack. The jackal bites you.
* * * LOW HITPOINT WARNING * * *
You hit the kobold.
You kill the kobold!
Qazlal accepts your kill. The jackal bites you.
* * * LOW HITPOINT WARNING * * *
You hit the jackal but do no damage. You bite the jackal, but do no damage.
The jackal bites you.
You die...

#.##...............P.P#_#..#..#
..##.....##.....###...######..#
...#...####....†###...P# ...#
.#...#.# #......##....# ...#
######+####..r.J§.###### [...#
...........#..####... #####
.......†...##......#
...........#hSr.##.#
...........#@#......
...........#.....###
.......#######.#.# .####.# ...#
#. .### .. ..


You could see a jackal, a ball python and a rat.

Vanquished Creatures
  A hobgoblin (D:1)
  A jackal (D:1)
  A bat (D:1)
  2 kobolds (D:1)
5 creatures vanquished.

Notes
Turn   | Place    | Note
-------+----------+-------------------------------------------
     0 | D:1      | epen the Gnoll Wanderer began the quest for the Orb.
     0 | D:1      | epen set off with the following items: a +0 falchion, a +0
                  | pair of boots, a potion of attraction, a +0 robe; and the
                  | following spell memorised: Freeze; and the following spells
                  | available to memorise: Lesser Beckoning, Ignite Poison,
                  | Inner Flame.
     0 | D:1      | Reached XP level 1. HP: 17/17 MP: 6/6
     4 | D:1      | Noticed a human
     4 | D:1      | Noticed a formicid
    17 | D:1      | Noticed a demonspawn zombie
    19 | D:1      | Noticed a minotaur
    93 | D:1      | Found a faded altar of an unknown god.
   106 | D:1      | Prayed at the altar of an unknown god.
   106 | D:1      | Became a worshipper of Qazlal Stormbringer
   106 | D:1      | Reached * piety under Qazlal
   147 | D:1      | Slain by a jackal

Illustrated notes

Levels and vault maps discovered:
D:1:      shiori_arrival_whats_in_store_for_you, layout_basic,
          shapermc_ecumenical_altar_mp_ritualfount

Action                     || total
---------------------------++-------
  Melee: Falchion          ||    16
         Bite              ||     2
         Punch             ||     1
    Use: Potion            ||     1
 Armour: Robe              ||     6
  Dodge: Dodged            ||    35
  Block: Other             ||     2

Table legend: (Time is in decaauts)
 A = Elapsed time spent in this place.
 B = Non-inter-level travel time spent in this place.
 C = Inter-level travel time spent in this place.
 D = Time resting spent in this place.
 E = Time spent auto-exploring this place.
 F = Levels seen in this place.
 G = Mean time per level.
                   A        B        C        D        E       F      G
               +--------+--------+--------+--------+--------+-----+--------+
         Total |    148 |    148 |      0 |      0 |     98 |   1 |  148.0 |
       Dungeon |    148 |    148 |      0 |      0 |     98 |   1 |  148.0 |
               +--------+--------+--------+--------+--------+-----+--------+

Top non-repeatable levels by time:
     D:1: 148 daAuts
